Map: [ESL] Data-C

Players

KingCobra - Winner!

  • Race: Protoss Protoss
  • Spawn Location: 9:00

ForJumy

  • Race: Protoss Protoss
  • Spawn Location: 3:00

Event: DreamHack SC2 Masters 2022 Atlanta (Online)

VOD

Have the link to the VOD?

Description

Time

  • Played on: Oct. 6, 2022, 1:28 p.m.
  • Length: 21:04

All games in this series

Show
View Real Time Build Order
Export as new Build Order

KingCobra Protoss - Winner!

Build Orders: Oracle Opening, Carriers 

Get SALT Encoding   

  12  0:00  Probe  
  13  0:12  Probe  
  14  0:17  Pylon  
  14  0:24  Probe  
  15  0:36  Gateway  
  15  0:37  Probe (Chrono Boost)  
  16  0:47  Probe (Chrono Boost), Assimilator  
  17  0:52  Probe (Chrono Boost)  
  18  0:59  Pylon  
  18  1:04  Probe (Chrono Boost)  
  19  1:06  Assimilator  
  19  1:13  Probe (Chrono Boost)  
  20  1:19  Probe  
  20  1:23  Cybernetics Core  
  21  1:31  Probe  
  22  1:33  Zealot  
  24  1:44  Probe  
  25  1:50  Pylon  
  25  1:56  Probe  
  25  2:00  Stalker  
  28  2:21  Cybernetics Core  
  28  2:31  Nexus  
  28  2:41  Stargate  
  27  2:52  Pylon  
  27  2:53  Probe  
  27  2:56  Shield Battery  
  28  3:05  Probe  
  31  3:06  Sentry  
  31  3:15  Robotics Facility  
  31  3:25  Probe  
  31  3:26  Shield Battery  
  32  3:29  Oracle (Chrono Boost)  
  35  3:39  Stalker  
  37  3:44  Shield Battery  
  37  3:50  Probe x2  
  39  4:02  Shield Battery, Probe  
  40  4:08  Phoenix  
  43  4:26  Probe x2  
  43  4:30  Observer, Stalker  
  44  4:39  Phoenix (Chrono Boost)  
  44  4:42  Probe x2  
  44  4:44  Assimilator  
  48  4:47  Assimilator  
  48  4:48  Shield Battery  
  48  4:49  Pylon  
  48  4:54  Stargate  
  48  4:56  Probe x2  
  50  5:08  Probe x2  
  50  5:09  Immortal  
  54  5:23  Probe (Chrono Boost)  
  55  5:31  Phoenix  
  55  5:34  Probe (Chrono Boost)  
  59  5:35  Probe (Chrono Boost)  
  59  5:36  Observer  
  59  5:37  Phoenix  
  62  5:43  Probe (Chrono Boost)  
  62  5:45  Pylon  
  62  5:54  Pylon  
  62  6:03  Phoenix (Chrono Boost), Probe x2  
  66  6:06  Fleet Beacon  
  65  6:15  Probe x2  
  65  6:16  Phoenix (Chrono Boost)  
  69  6:27  Probe x2  
  69  6:28  Phoenix (Chrono Boost), Pylon  
  73  6:35  Phoenix  
  73  6:39  Probe  
  76  6:46  Pylon  
  76  6:47  Probe  
  76  6:53  Anion Pulse-Crystals (Chrono Boost)  
  77  6:54  Probe  
  77  7:00  Probe  
  81  7:03  Phoenix (Chrono Boost)  
  78  7:15  Phoenix (Chrono Boost)  
  74  7:17  Probe  
  74  7:18  Probe  
  74  7:21  Shield Battery  
  78  7:27  Phoenix (Chrono Boost)  
  78  7:29  Probe  
  81  7:30  Probe  
  81  7:31  Phoenix (Chrono Boost), Forge  
  83  7:43  Probe x2  
  85  7:51  Phoenix  
  85  7:54  Protoss Air Armor Level 1  
  87  8:04  Pylon  
  86  8:10  Probe  
  86  8:12  Nexus  
  85  8:16  Probe  
  85  8:18  Phoenix x2 (Chrono Boost)  
  86  8:22  Probe  
  84  8:28  Probe  
  84  8:30  Photon Cannon  
  84  8:33  Shield Battery, Photon Cannon  
  85  8:34  Probe  
  85  8:41  Mothership (Chrono Boost), Probe  
  94  8:53  Probe (Chrono Boost)  
  92  9:04  Photon Cannon  
  92  9:06  Photon Cannon  
  93  9:10  Phoenix  
  93  9:11  Probe (Chrono Boost)  
  93  9:15  Phoenix  
  97  9:19  Probe (Chrono Boost)  
  98  9:30  Shield Battery  
  100  9:32  Probe (Chrono Boost)  
  100  9:34  Probe (Chrono Boost)  
  100  9:38  Cybernetics Core, Probe (Chrono Boost)  
  101  9:41  Probe  
  102  9:50  Probe  
  98  9:53  Probe  
  98  9:59  Protoss Air Weapons Level 1 (Chrono Boost)  
  97  10:02  Probe  
  97  10:04  Assimilator  
  97  10:05  Probe  
  97  10:07  Protoss Shields Level 1  
  99  10:08  Assimilator  
  99  10:09  Carrier (Chrono Boost)  
  91  10:33  Probe  
  91  10:34  Carrier (Chrono Boost), Probe  
  93  10:38  Stargate  
  93  10:40  Probe  
  100  10:46  Probe  
  100  10:48  Photon Cannon  
  101  10:51  Photon Cannon  
  101  10:52  Photon Cannon, Pylon  
  101  10:53  Shield Battery  
  101  10:55  Probe x2, Pylon  
  103  10:58  Probe  
  104  11:07  Probe x2, Photon Cannon  
  104  11:08  Protoss Air Armor Level 2 (Chrono Boost)  
  106  11:12  Carrier (Chrono Boost)  
  99  11:32  Carrier  
  96  11:36  Probe x2  
  96  11:39  Probe  
  98  11:48  Probe x2  
  98  11:51  Probe  
  101  12:00  Probe  
  102  12:07  Carrier  
  108  12:21  Probe x3  
  111  12:32  Carrier  
  114  12:40  Probe x2 (Chrono Boost)  
  114  12:41  Probe (Chrono Boost)  
  117  12:52  Probe (Chrono Boost)  
  117  12:57  Probe (Chrono Boost)  
  117  12:58  Probe (Chrono Boost)  
  120  13:00  Probe (Chrono Boost)  
  120  13:04  Probe x2 (Chrono Boost)  
  116  13:08  Probe  
  109  13:16  Probe x2  
  109  13:18  Carrier  
  116  13:20  Probe  
  117  13:28  Probe x2  
  117  13:30  Protoss Air Weapons Level 2 (Chrono Boost)  
  119  13:40  Carrier, Probe x2  
  117  13:54  Probe  
  116  13:55  Probe  
  116  13:56  Probe  
  115  14:05  Protoss Air Armor Level 3 (Chrono Boost)  
  115  14:06  Probe  
  115  14:07  Probe  
  115  14:08  Probe  
  118  14:17  Observer  
  118  14:18  Probe  
  118  14:19  Probe  
  118  14:20  Probe  
  122  14:25  Carrier  
  122  14:30  Probe  
  129  14:32  Probe  
  130  14:42  Observer  
  131  14:46  Pylon  
  131  14:57  Twilight Council  
  131  15:04  Carrier, Pylon  
  137  15:10  Probe x3  
  139  15:16  Carrier  
  127  15:43  Probe x3  
  127  15:47  Carrier (Chrono Boost)  
  130  15:55  Probe x3  
  133  16:04  Protoss Shields Level 2 (Chrono Boost)  
  133  16:09  Nexus  
  131  16:11  Pylon  
  125  16:20  Observer  
  125  16:24  Shield Battery  
  125  16:25  Protoss Air Weapons Level 3 (Chrono Boost)  
  126  16:28  Probe  
  126  16:29  Probe x2  
  126  16:42  Carrier (Chrono Boost)  
  132  16:50  Carrier (Chrono Boost)  
  138  17:02  Probe x3  
  138  17:05  Observer  
  140  17:14  Stargate  
  140  17:19  Probe x3  
  143  17:33  Assimilator  
  143  17:35  Pylon  
  143  17:36  Assimilator  
  142  17:44  Observer  
  142  17:52  Tempest x3 (Chrono Boost)  
  142  17:54  Tempest (Chrono Boost)  
  162  18:06  Mothership (Chrono Boost)  
  170  18:15  Observer, Pylon  
  170  18:16  Observer  
  170  18:17  Pylon  
  170  18:30  Tempest (Chrono Boost)  
  184  18:39  Tempest x2 (Chrono Boost)  
  189  18:51  Pylon  
  187  19:06  Tempest  
  187  19:07  Assimilator  
  186  19:10  Observer  
  186  19:22  Tempest  
  186  19:23  Tempest  
  193  19:39  Nexus  
  193  19:40  Pylon  
  166  20:03  Tempest x2  
  166  20:05  Tempest  
Show
View Real Time Build Order
Export as new Build Order

ForJumy Protoss 

Build Orders: Phoenix Opening, Carriers, Mass Phoenix 

Get SALT Encoding   

  12  0:00  Probe  
  13  0:12  Probe  
  14  0:16  Pylon  
  14  0:24  Probe (Chrono Boost)  
  15  0:36  Probe (Chrono Boost)  
  15  0:38  Gateway  
  16  0:45  Probe (Chrono Boost)  
  16  0:46  Assimilator  
  17  0:50  Probe  
  18  0:57  Assimilator  
  18  1:03  Probe (Chrono Boost)  
  19  1:07  Pylon  
  20  1:12  Probe (Chrono Boost)  
  20  1:17  Probe (Chrono Boost)  
  20  1:25  Cybernetics Core  
  21  1:30  Zealot  
  23  1:33  Probe  
  24  1:45  Probe  
  25  1:50  Pylon  
  25  1:57  Probe  
  26  2:03  Adept  
  26  2:04  Warp Gate  
  28  2:11  Probe  
  29  2:27  Probe  
  30  2:33  Stalker  
  31  2:43  Probe  
  32  2:48  Stargate  
  32  2:59  Probe  
  32  3:03  Stalker  
  35  3:11  Nexus, Probe  
  36  3:17  Pylon  
  36  3:24  Probe  
  37  3:30  Phoenix (Chrono Boost)  
  39  3:35  Stalker  
  39  3:39  Shield Battery  
  41  3:42  Probe  
  42  3:49  Phoenix (Chrono Boost)  
  44  3:58  Probe  
  45  4:10  Probe  
  46  4:20  Probe  
  46  4:22  Phoenix (Chrono Boost), Probe  
  47  4:28  Probe  
  47  4:30  Stalker  
  48  4:34  Probe  
  50  4:39  Probe  
  50  4:42  Assimilator  
  50  4:43  Phoenix  
  53  4:46  Probe  
  53  4:48  Stargate  
  53  4:51  Probe  
  55  4:54  Pylon  
  55  4:57  Stalker  
  57  5:01  Probe  
  57  5:06  Probe  
  59  5:10  Gateway  
  59  5:11  Phoenix  
  61  5:14  Probe  
  62  5:25  Probe  
  62  5:28  Stalker  
  65  5:31  Probe  
  65  5:33  Pylon  
  65  5:34  Phoenix (Chrono Boost)  
  68  5:39  Assimilator  
  68  5:42  Phoenix (Chrono Boost), Pylon  
  70  5:51  Probe x2  
  70  5:55  Phoenix (Chrono Boost)  
  74  6:02  Phoenix (Chrono Boost)  
  74  6:03  Probe  
  77  6:11  Nexus  
  77  6:18  Shield Battery  
  77  6:21  Probe  
  80  6:26  Phoenix (Chrono Boost)  
  80  6:27  Phoenix (Chrono Boost)  
  80  6:28  Probe  
  81  6:40  Probe  
  81  6:44  Phoenix x2, Pylon  
  86  6:50  Pylon  
  86  6:57  Fleet Beacon  
  86  7:02  Probe x2  
  86  7:09  Phoenix (Chrono Boost)  
  86  7:13  Phoenix (Chrono Boost)  
  86  7:14  Probe  
  87  7:17  Adept  
  87  7:19  Adept  
  87  7:20  Probe  
  87  7:22  Assimilator  
  92  7:24  Assimilator  
  92  7:25  Probe  
  92  7:26  Probe  
  94  7:32  Phoenix (Chrono Boost)  
  94  7:33  Probe (Chrono Boost)  
  97  7:38  Phoenix (Chrono Boost)  
  97  7:41  Probe (Chrono Boost)  
  97  7:42  Probe (Chrono Boost)  
  97  7:43  Pylon  
  101  7:48  Anion Pulse-Crystals (Chrono Boost)  
  101  7:50  Probe (Chrono Boost)  
  103  7:52  Probe (Chrono Boost)  
  103  7:55  Pylon  
  99  8:02  Probe  
  99  8:03  Probe  
  101  8:09  Phoenix, Probe  
  101  8:10  Stargate  
  100  8:26  Adept x2  
  104  8:28  Probe  
  104  8:29  Phoenix (Chrono Boost)  
  104  8:33  Stargate  
  104  8:34  Nexus, Probe  
  107  8:41  Pylon  
  108  8:43  Probe  
  108  8:46  Probe  
  108  8:47  Assimilator  
  110  8:53  Phoenix (Chrono Boost)  
  110  8:55  Probe  
  113  8:57  Probe  
  113  8:58  Phoenix x2 (Chrono Boost)  
  114  9:09  Phoenix  
  114  9:11  Assimilator  
  114  9:12  Stargate  
  114  9:14  Pylon  
  114  9:15  Probe  
  114  9:16  Phoenix (Chrono Boost)  
  114  9:17  Probe  
  120  9:19  Shield Battery  
  122  9:24  Phoenix (Chrono Boost)  
  122  9:25  Adept  
  122  9:27  Adept  
  122  9:28  Probe  
  129  9:31  Pylon  
  129  9:36  Phoenix x2 (Chrono Boost)  
  129  9:37  Probe  
  132  9:45  Cybernetics Core  
  132  9:47  Forge  
  132  9:52  Phoenix (Chrono Boost)  
  128  9:53  Phoenix (Chrono Boost)  
  128  9:55  Phoenix  
  128  9:58  Probe  
  133  10:01  Protoss Air Weapons Level 1 (Chrono Boost)  
  133  10:02  Phoenix  
  135  10:08  Phoenix (Chrono Boost)  
  135  10:20  Phoenix (Chrono Boost)  
  133  10:24  Phoenix (Chrono Boost)  
  133  10:26  Phoenix (Chrono Boost)  
  133  10:27  Phoenix (Chrono Boost)  
  125  10:31  Phoenix (Chrono Boost)  
  125  10:33  Probe  
  126  10:43  Phoenix (Chrono Boost)  
  126  10:46  Nexus, Probe x3  
  126  10:47  Phoenix x2 (Chrono Boost), Probe  
  134  10:52  Protoss Air Armor Level 1 (Chrono Boost)  
  134  10:54  Oracle (Chrono Boost), Pylon  
  136  10:58  Phoenix (Chrono Boost)  
  136  11:03  Adept x2  
  143  11:06  Stargate  
  143  11:11  Probe x2  
  144  11:13  Probe x2  
  141  11:37  Phoenix  
  141  11:42  Adept  
  141  11:43  Adept, Carrier x2 (Chrono Boost), Probe x2  
  145  11:57  Carrier (Chrono Boost)  
  147  12:04  Protoss Air Weapons Level 2 (Chrono Boost)  
  147  12:08  Assimilator  
  137  12:10  Stalker x2  
  137  12:11  Probe (Chrono Boost)  
  137  12:12  Assimilator  
  141  12:20  Probe x2 (Chrono Boost)  
  141  12:21  Probe x2 (Chrono Boost)  
  141  12:23  Probe (Chrono Boost)  
  141  12:24  Carrier (Chrono Boost)  
  150  12:35  Carrier (Chrono Boost)  
  153  12:38  Carrier (Chrono Boost)  
  153  12:39  Adept x2  
  157  12:48  Mothership (Chrono Boost)  
  175  13:20  Carrier (Chrono Boost)  
  175  13:29  Carrier (Chrono Boost)  
  175  13:31  Nexus  
  178  13:34  Carrier (Chrono Boost)  
  178  13:37  Carrier (Chrono Boost)  
  175  13:41  Protoss Shields Level 1 (Chrono Boost)  
  175  13:48  Oracle (Chrono Boost)  
  181  13:51  Pylon  
  181  13:54  Carrier (Chrono Boost)  
  185  14:05  Robotics Facility  
  185  14:09  Carrier (Chrono Boost), Pylon  
  185  14:15  Carrier (Chrono Boost), Assimilator  
  191  14:19  Assimilator  
  191  14:26  Pylon  
  191  14:27  Carrier  
  197  14:58  Twilight Council  
  197  15:09  Protoss Air Armor Level 2 (Chrono Boost)  
  197  15:17  Protoss Air Weapons Level 3 (Chrono Boost)  
  179  15:41  Carrier (Chrono Boost)  
  164  15:46  Photon Cannon  
  164  15:48  Carrier (Chrono Boost)  
  164  15:49  Carrier (Chrono Boost), Zealot x2  
  152  15:51  Carrier (Chrono Boost)  
  152  15:56  Tempest (Chrono Boost)  
  142  15:59  Shield Battery, Carrier (Chrono Boost)  
  142  16:05  Unknown  
  142  16:07  Nexus  
  142  16:21  Shield Battery  
  148  16:31  Photon Cannon  
  148  16:32  Photon Cannon  
  150  16:33  Carrier (Chrono Boost)  
  150  16:34  Tempest (Chrono Boost), Photon Cannon  
  150  16:35  Carrier (Chrono Boost)  
  150  16:36  Tempest (Chrono Boost)  
  150  16:38  Tempest (Chrono Boost)  
  166  16:42  Mothership (Chrono Boost)  
  166  16:43  Probe  
  180  17:01  Tempest (Chrono Boost)  
  180  17:06  Oracle (Chrono Boost)  
  180  17:08  Protoss Shields Level 2  
  185  17:30  Carrier (Chrono Boost)  
  190  17:42  Tempest (Chrono Boost)  
  190  17:43  Oracle (Chrono Boost)  
  198  17:45  Tempest (Chrono Boost)  
  198  17:46  Nexus, Observer  
  199  17:52  Pylon  
  199  18:00  Assimilator  
  199  18:04  Assimilator  
  199  18:24  Protoss Air Armor Level 3 (Chrono Boost)  
  199  18:25  Photon Cannon  
  199  18:27  Photon Cannon  
  194  18:34  Photon Cannon  
  194  18:35  Photon Cannon x2  
  194  18:36  Shield Battery  
  194  18:41  Shield Battery  
  194  18:47  Pylon  
  194  18:49  Tempest  
  194  18:51  Shield Battery x2  
  199  19:15  Photon Cannon  
  199  19:16  Photon Cannon  
  198  19:17  Photon Cannon  
  198  19:18  Photon Cannon  
  198  19:19  Photon Cannon  
  198  19:22  Photon Cannon  
  198  19:23  Shield Battery  
  192  19:28  Tempest  
  185  19:57  Carrier x2 (Chrono Boost)  
  171  20:03  Carrier (Chrono Boost)  
  159  20:12  Carrier (Chrono Boost)  
  166  20:14  Carrier (Chrono Boost)  
Tags
 
Add a new tag
Caveats
  • Supply blocks, unpowered buildings, or Contaminate may cause inaccurate times.
  • Supply counts are checked every 10 seconds.